MWL (24 & UNDER)
ERIE JAXX @ MANHATTEN MEATHEADS
07/15/2030
 
TOP OF THE 1ST
Erie Jaxx batting - Pitching for Manhatten Meatheads : RHP Diego Martínez
Pitching: RHP Diego Martínez
Batting: RHB Raoul Alkemade 0-0: Ball
1-0: Fly out, F7 (Flyball, 78S)
Batting: RHB Juan González 0-0: Hit by Pitch
Batting: RHB Shane Marshall 0-0: Called Strike
0-1: Foul Ball, location: 2F
0-2: Ball
1-2: Strikes out swinging
Batting: RHB Danny Morrison 0-0: Ball
1-0: Foul Ball, location: 2F
1-1: Swinging Strike
1-2: Strikes out swinging
Top of the 1st over - 0 runs, 0 hits, 0 errors, 1 left on base; Erie 0 - Manhatten 0
BOTTOM OF THE 1ST
Manhatten Meatheads batting - Pitching for Erie Jaxx : RHP Carlos Pérez
Pitching: RHP Carlos Pérez
Batting: RHB Louis-Alexandre Lévesque 0-0: Called Strike
0-1: Swinging Strike
0-2: Strikes out swinging
Batting: RHB Roberto Rodríguez 0-0: Called Strike
0-1: DOUBLE (Line Drive, 78D)
Batting: RHB António Vargas 0-0: Ball
1-0: Called Strike
Roberto Rodríguez steals 3rd base
1-1: Foul Ball, location: 2F
1-2: Foul Ball, location: 2F
1-2: Fly out, F7 (Line Drive, 7)
Runner from 3rd tags up, SCORES, throw made
Batting: LHB Geoff May 0-0: SINGLE (Line Drive, 4D)
Batting: RHB Vicente Guerra 0-0: Ball
Passed Ball!
Geoff May to second
1-0: Swinging Strike
1-1: Ball
2-1: Called Strike
2-2: Strikes out swinging
Bottom of the 1st over - 1 run, 2 hits, 0 errors, 1 left on base; Erie 0 - Manhatten 1
TOP OF THE 2ND
Erie Jaxx batting - Pitching for Manhatten Meatheads : RHP Diego Martínez
Batting: RHB Edgardo Castro 0-0: Foul Ball, location: 2F
0-1: Ball
1-1: Ball
2-1: Foul Ball, location: 2F
2-2: Strikes out swinging
Batting: RHB Zachary Gadsden 0-0: Ground out 3-1 (Groundball, 34)
Batting: LHB Juan Vásquez 0-0: Foul Ball, location: 2F
0-1: SINGLE (Line Drive, 8LS)
Batting: RHB José Hernández 0-0: Foul Ball, location: 2F
0-1: SINGLE (Groundball, 34D)
Juan Vásquez to second
Runner from 2nd tries for 3rd, SAFE, no throw
Batting: LHB Matt Moore 0-0: Swinging Strike
0-1: Ball
1-1: Ball
2-1: Swinging Strike
2-2: Foul Ball, location: 2F
2-2: Foul Ball, location: 2F
2-2: Ball
3-2: Strikes out swinging
Top of the 2nd over - 0 runs, 2 hits, 0 errors, 2 left on base; Erie 0 - Manhatten 1
BOTTOM OF THE 2ND
Manhatten Meatheads batting - Pitching for Erie Jaxx : RHP Carlos Pérez
Batting: RHB Ron McClain 0-0: Ball
1-0: Foul Ball, location: 2F
1-1: Foul Ball, location: 2F
1-2: Strikes out swinging
Batting: RHB Mike McCray 0-0: Foul Ball, location: 2F
0-1: Swinging Strike
0-2: Ball
1-2: Strikes out swinging
Batting: RHB Wayne Scott 0-0: Swinging Strike
0-1: Ground out 4-3 (Groundball, 4)
Bottom of the 2nd over - 0 runs, 0 hits, 0 errors, 0 left on base; Erie 0 - Manhatten 1
TOP OF THE 3RD
Erie Jaxx batting - Pitching for Manhatten Meatheads : RHP Diego Martínez
Batting: RHB Raoul Alkemade 0-0: Swinging Strike
0-1: Ball
1-1: SINGLE (Groundball, 6MD)
Batting: RHB Juan González 0-0: Ball
1-0: Grounds into double play, 5-4-3 (Groundball, 56)
Batting: RHB Shane Marshall 0-0: Ball
1-0: Ball
2-0: Called Strike
2-1: Ball
3-1: Called Strike
3-2: Foul Ball, location: 2F
3-2: Strikes out swinging
Top of the 3rd over - 0 runs, 1 hit, 0 errors, 0 left on base; Erie 0 - Manhatten 1
BOTTOM OF THE 3RD
Manhatten Meatheads batting - Pitching for Erie Jaxx : RHP Carlos Pérez
Batting: RHB Dennis Kelly 0-0: Called Strike
0-1: Fly out, F4 (Line Drive, 4S)
Batting: RHB Louis-Alexandre Lévesque 0-0: Foul Ball, location: 2F
0-1: Called Strike
0-2: Ball
1-2: Ball
2-2: SINGLE (Line Drive, 89M)
Batting: RHB Roberto Rodríguez 0-0: Ball
1-0: Ball
2-0: Foul Ball, location: 2F
2-1: Foul Ball, location: 2F
2-2: Foul Ball, location: 2F
2-2: Fielders Choice at 2nd, 1-4 (Groundball, 15S)
Batting: RHB António Vargas 0-0: Ball
1-0: Ball
2-0: Called Strike
2-1: Ball
3-1: Called Strike
3-2: Ground out 6-3 (Groundball, 6)
Bottom of the 3rd over - 0 runs, 1 hit, 0 errors, 1 left on base; Erie 0 - Manhatten 1
TOP OF THE 4TH
Erie Jaxx batting - Pitching for Manhatten Meatheads : RHP Diego Martínez
Batting: RHB Danny Morrison 0-0: Foul Ball, location: 2F
0-1: Ball
1-1: Swinging Strike
1-2: Strikes out swinging
Batting: RHB Edgardo Castro 0-0: Ball
1-0: Called Strike
1-1: Ball
2-1: Called Strike
2-2: Ball
3-2: Foul Ball, location: 2F
3-2: Foul Ball, location: 2F
3-2: Base on Balls
Batting: RHB Zachary Gadsden 0-0: Ball
1-0: Ball
2-0: Ball
3-0: Called Strike
3-1: Called Strike
3-2: Base on Balls
Edgardo Castro to second
Batting: LHB Juan Vásquez 0-0: Called Strike
0-1: Fielders Choice at 2nd, 1-6 (Groundball, 13S)
Edgardo Castro to third
Batting: RHB José Hernández 0-0: Foul Ball, location: 2F
0-1: Ball
1-1: SINGLE (Groundball, 6MD)
Edgardo Castro scores
Juan Vásquez to second
Runner from 2nd tries for 3rd, SAFE, no throw
Batting: LHB Matt Moore 0-0: SINGLE (Flyball, 89M)
Juan Vásquez scores
José Hernández to second
Runner from 2nd tries for 3rd, SAFE, no throw
Batting: RHB Raoul Alkemade 0-0: Fielders Choice at 2nd, 6-4 (Groundball, 6)
Top of the 4th over - 2 runs, 2 hits, 0 errors, 2 left on base; Erie 2 - Manhatten 1
BOTTOM OF THE 4TH
Manhatten Meatheads batting - Pitching for Erie Jaxx : RHP Carlos Pérez
Batting: LHB Geoff May 0-0: Ball
1-0: Ball
2-0: Ball
3-0: Base on Balls
Batting: RHB Vicente Guerra 0-0: Called Strike
0-1: Ball
1-1: Called Strike
1-2: Foul Ball, location: 2F
1-2: Foul Ball, location: 2F
1-2: Strikes out swinging
Batting: RHB Ron McClain 0-0: Called Strike
0-1: Ball
1-1: Foul Ball, location: 2F
1-2: Ball
2-2: Strikes out swinging
Batting: RHB Mike McCray 0-0: Called Strike
0-1: Foul Ball, location: 2F
0-2: Foul Ball, location: 2F
0-2: Ball
1-2: Ball
2-2: Ball
3-2: Base on Balls
Geoff May to second
Batting: RHB Wayne Scott 0-0: Foul Ball, location: 2F
0-1: Fly out, F9 (Flyball, 9)
Bottom of the 4th over - 0 runs, 0 hits, 0 errors, 2 left on base; Erie 2 - Manhatten 1
TOP OF THE 5TH
Erie Jaxx batting - Pitching for Manhatten Meatheads : RHP Diego Martínez
Batting: RHB Juan González 0-0: Ball
1-0: Foul Ball, location: 2F
1-1: Ball
2-1: Fly out, F9 (Line Drive, 89M)
Batting: RHB Shane Marshall 0-0: Fly out, F9 (Line Drive, 9)
Batting: RHB Danny Morrison 0-0: Ball
1-0: Fly out, F7 (Flyball, 7LS)
Top of the 5th over - 0 runs, 0 hits, 0 errors, 0 left on base; Erie 2 - Manhatten 1
BOTTOM OF THE 5TH
Manhatten Meatheads batting - Pitching for Erie Jaxx : RHP Carlos Pérez
Batting: RHB Dennis Kelly 0-0: Called Strike
0-1: Ball
1-1: Ball
2-1: Foul Ball, location: 2F
2-2: Strikes out swinging
Batting: RHB Louis-Alexandre Lévesque 0-0: Ball
1-0: Called Strike
1-1: Foul Ball, location: 2F
1-2: Strikes out swinging
Batting: RHB Roberto Rodríguez 0-0: Called Strike
0-1: Foul Ball, location: 2F
0-2: Strikes out swinging
Bottom of the 5th over - 0 runs, 0 hits, 0 errors, 0 left on base; Erie 2 - Manhatten 1
TOP OF THE 6TH
Erie Jaxx batting - Pitching for Manhatten Meatheads : RHP Diego Martínez
Batting: RHB Edgardo Castro 0-0: Ball
1-0: Ball
2-0: Foul Ball, location: 2F
2-1: Foul Ball, location: 2F
2-2: Strikes out looking
Batting: RHB Zachary Gadsden 0-0: Called Strike
0-1: Called Strike
0-2: Foul Ball, location: 2F
0-2: Ball
1-2: Foul Ball, location: 2F
1-2: Ball
2-2: Foul Ball, location: 2F
2-2: Foul Ball, location: 2F
2-2: Ball
3-2: Base on Balls
Pitching: LHP Miguel Angel Meléndez
Batting: LHB Juan Vásquez 0-0: Ball
1-0: Ball
2-0: Foul Ball, location: 2F
2-1: Ball
3-1: Foul Ball, location: 2F
3-2: Base on Balls
Zachary Gadsden to second
Batting: RHB José Hernández 0-0: Foul Ball, location: 2F
0-1: Swinging Strike
0-2: Strikes out swinging
Batting: LHB Matt Moore 0-0: Ball
1-0: Swinging Strike
1-1: Ground out 1-3 (Groundball, P)
Top of the 6th over - 0 runs, 0 hits, 0 errors, 2 left on base; Erie 2 - Manhatten 1
BOTTOM OF THE 6TH
Manhatten Meatheads batting - Pitching for Erie Jaxx : RHP Carlos Pérez
Pitching: RHP António Serrano
Batting: RHB António Vargas 0-0: Foul Ball, location: 2F
0-1: Ball
1-1: Ball
2-1: Ground out 5-3 (Groundball, 56)
Batting: LHB Geoff May 0-0: Ground out 5-3 (Groundball, 56)
Batting: RHB Vicente Guerra 0-0: Ball
1-0: Swinging Strike
1-1: SOLO HOME RUN (Flyball, 7LD), Distance : 345 ft
Batting: RHB Ron McClain 0-0: Called Strike
0-1: Swinging Strike
0-2: Strikes out swinging
Bottom of the 6th over - 1 run, 1 hit, 0 errors, 0 left on base; Erie 2 - Manhatten 2
TOP OF THE 7TH
Erie Jaxx batting - Pitching for Manhatten Meatheads : LHP Miguel Angel Meléndez
Batting: RHB Raoul Alkemade 0-0: Fly out, F7 (Flyball, 7)
Batting: RHB Juan González 0-0: Foul Ball, location: 2F
0-1: Ground out 4-3 (Groundball, 4)
Batting: RHB Shane Marshall 0-0: Called Strike
0-1: Ball
1-1: Called Strike
1-2: Ball
2-2: TRIPLE (Line Drive, 7D)
Batting: RHB Danny Morrison 0-0: Swinging Strike
0-1: Called Strike
0-2: Ball
1-2: Foul Ball, location: 2F
1-2: Ground out 4-3 (Groundball, 4S)
Top of the 7th over - 0 runs, 1 hit, 0 errors, 1 left on base; Erie 2 - Manhatten 2
BOTTOM OF THE 7TH
Manhatten Meatheads batting - Pitching for Erie Jaxx : RHP António Serrano
Pinch Hitting: LHB Wayne Rogers 0-0: Swinging Strike
0-1: DOUBLE (Line Drive, 78D)
Pinch Hitting: LHB Miguel Pérez 0-0: Intentional Walk
Pinch Hitting: LHB Justin Tubridy 0-0: Called Strike
0-1: Sac Bunt - play at first, batter OUT! 5-4
Wayne Rogers to third
Miguel Pérez to second
Batting: RHB Louis-Alexandre Lévesque 0-0: Swinging Strike
0-1: Called Strike
0-2: Ball
1-2: Strikes out swinging
Batting: RHB Roberto Rodríguez 0-0: Ball
1-0: SINGLE (Groundball, 4MD)
Wayne Rogers scores
Miguel Pérez to third
Runner from 3rd tries for Home, SAFE, no throw
Pitching: RHP Jesús Béltre
Batting: RHB António Vargas 0-0: Fly out, F5 (Line Drive, 56)
Bottom of the 7th over - 2 runs, 2 hits, 0 errors, 1 left on base; Erie 2 - Manhatten 4
TOP OF THE 8TH
Erie Jaxx batting - Pitching for Manhatten Meatheads : LHP Miguel Angel Meléndez
Now at 2B: Ricardo Medina
Now at 3B: Ralph Fitzgerald
Now at SS: Justin Tubridy
Batting: RHB Edgardo Castro 0-0: Ball
1-0: Called Strike
1-1: Fly out, F4 (Popup, 3S)
Batting: RHB Zachary Gadsden 0-0: Called Strike
0-1: Called Strike
0-2: Ball
1-2: Strikes out swinging
Batting: LHB Juan Vásquez 0-0: Foul Ball, location: 2F
0-1: Ball
1-1: Foul Ball, location: 2F
1-2: Strikes out swinging
Top of the 8th over - 0 runs, 0 hits, 0 errors, 0 left on base; Erie 2 - Manhatten 4
BOTTOM OF THE 8TH
Manhatten Meatheads batting - Pitching for Erie Jaxx : RHP Jesús Béltre
Batting: LHB Geoff May 0-0: Swinging Strike
0-1: Swinging Strike
0-2: Foul Ball, location: 2F
0-2: Strikes out looking
Batting: RHB Vicente Guerra 0-0: Called Strike
0-1: Called Strike
0-2: Ball
1-2: Ground out 6-3 (Groundball, 6)
Batting: RHB Ron McClain 0-0: DOUBLE (Line Drive, 7LM)
Batting: RHB Ricardo Medina 0-0: Intentional Walk
Batting: RHB Ralph Fitzgerald 0-0: Called Strike
0-1: Ball
1-1: Foul Ball, location: 2F
1-2: Ball
2-2: Fly out, F7 (Flyball, 7LM)
Bottom of the 8th over - 0 runs, 1 hit, 0 errors, 2 left on base; Erie 2 - Manhatten 4
TOP OF THE 9TH
Erie Jaxx batting - Pitching for Manhatten Meatheads : LHP Miguel Angel Meléndez
Batting: RHB José Hernández 0-0: Ground out 5-3 (Groundball, 5S)
Batting: LHB Matt Moore 0-0: Called Strike
0-1: Ball
1-1: Called Strike
1-2: Ball
2-2: Foul Ball, location: 2F
2-2: Strikes out swinging
Batting: RHB Raoul Alkemade 0-0: Ball
1-0: Ball
2-0: Ball
3-0: Called Strike
3-1: SINGLE (Groundball, 56D)
Batting: RHB Juan González 0-0: Ball
1-0: Called Strike
1-1: Fly out, F8 (Flyball, 8RS)
Top of the 9th over - 0 runs, 1 hit, 0 errors, 1 left on base; Erie 2 - Manhatten 4
Saturday, April 7th, 2018 - OOTP Baseball 18.8 Build 76